 Dungeon Sprint DCSS version 0.31-a0-128-g25add195a6 (webtiles) character file.

Game seed: 2136324347100031382

189012 rocky1 the Gnoll Porcupine (level 18, -5/170 HPs)
             Began as a Gnoll Warper on June 2, 2023.
             Was the Champion of Cheibriados.
             Slain by Dissolution (26 damage)
             ... while paralysed by a floating eye
             ... in the Dungeon (Sprint VII: "The Pits").
             The game lasted 00:44:23 (10304 turns).

rocky1 the Gnoll Porcupine (Gnoll Warper)          Turns: 10304, Time: 00:44:24

Health: -5/170     AC: 13    Str: 28    XL:     18   Next: 11%
Magic:  44/44      EV:  2    Int: 33    God:    Cheibriados [******]
Gold:   189        SH:  0    Dex: 45    Spells: 27/62 levels left

rFire   + + +        L - +1 double sword (holy)
rCold   + . .        K - +5 kite shield {reflect}
rNeg    + . .        E - +2 leather armour "Wapo" {rC- Will+ Int+4}
rPois   +            N - +2 hat {Will+}
rElec   +            R - +2 cloak {Will+}
rCorr   .            p - +1 pair of gloves of Goul {rPois Slay+4}
SInv    .            H - +2 pair of boots
Will    ++++.        Q - amulet of Terra Nullius {rC+ rN+ Regen+}
Stlth   +++++++++    Z - ring of Lies {rElec rF+++ rC+ Dex+6 Stlth-}
HPRegen 1.28/turn    J - ring "Picsio Neecw" {Wiz Drain rElec rPois Dex+8}
MPRegen 0.29/turn

%: no teleportation, reflection, wizardry (x1)
@: paralysed, corroded, very slow
A: fangs 1, strong nose, distributed training
}: 1/3 runes: silver
a: Renounce Religion, Bend Time, Temporal Distortion, Slouch, Step From Time


You were in the Dungeon.
You worshipped Cheibriados.
Cheibriados was exalted by your worship.
You visited 1 branch You collected 189 gold pieces.

Inventory:

Hand Weapons
 t - a +1 scimitar of flaming
 L - a +1 double sword of holy wrath (weapon)
 P - the +5 bardiche of Dominance {flame, rElec rN++}
   (You found it in the Dungeon)

   rElec:     It insulates you from electricity.
   rN:        It greatly protects you from negative energy.
Missiles
 d - 10 boomerangs
 g - 5 boomerangs of dispersal
 m - a silver javelin
 n - 3 javelins
 I - a throwing net (quivered)
Armour
 p - the +1 pair of gloves of Goul (worn) {rPois Slay+4}
   (You found it in the Dungeon)

   Slay:      It affects your accuracy & damage with ranged weapons and melee
   (+4).
   rPois:     It protects you from poison.
 E - the +2 leather armour "Wapo" (worn) {rC- Will+ Int+4}
   (You found it in the Dungeon)

   Int:       It affects your intelligence (+4).
   rC:        It makes you vulnerable to cold.
   Will:      It increases your willpower.
 H - a +2 pair of boots (worn)
 K - a +5 kite shield of reflection (worn)
 N - a +2 hat of willpower (worn)
 R - a +2 cloak of willpower (worn)
Jewellery
 J - the ring "Picsio Neecw" (right hand) {Wiz Drain rElec rPois Dex+8}
   (You found it in the Dungeon)

   [ring of wizardry]

   It improves your spell success rate.
   Dex:       It affects your dexterity (+8).
   rElec:     It insulates you from electricity.
   rPois:     It protects you from poison.
   Drain:     It drains your maximum health when unequipped.
 Q - the amulet of Terra Nullius (around neck) {rC+ rN+ Regen+}
   (You found it in the Dungeon)

   [amulet of regeneration]

   rC:        It protects you from cold.
   rN:        It protects you from negative energy.
   Regen:     It increases your rate of health regeneration.
 Z - the ring of Lies (left hand) {rElec rF+++ rC+ Dex+6 Stlth-}
   (You found it in the Dungeon)

   [ring of dexterity]

   Dex:       It affects your dexterity (+6).
   rF:        It renders you almost immune to fire.
   rC:        It protects you from cold.
   rElec:     It insulates you from electricity.
   Stlth:     It makes you less stealthy.
Wands
 a - a wand of light (14)
 b - a wand of mindburst (9)
 o - a wand of charming (14)
 F - a wand of flame (18)
 G - a wand of digging (12)
Scrolls
 c - 2 scrolls of blinking
 f - 4 scrolls of fear
 k - 5 scrolls of amnesia
 w - 2 scrolls of poison
 y - 6 scrolls of identify
 z - 2 scrolls of fog
 B - a scroll of brand weapon
Potions
 e - 11 potions of curing
 h - 4 potions of magic
 i - 10 potions of berserk rage
 j - a potion of invisibility
 l - a potion of attraction
 q - 3 potions of resistance
 r - 4 potions of brilliance
 s - 8 potions of mutation
 x - 2 potions of ambrosia
 A - 8 potions of heal wounds
 D - 2 potions of might


   Skills:
 + Level 22.8 Fighting
 + Level 22.4 Short Blades
 + Level 22.4 Long Blades
 + Level 22.4 Axes
 + Level 22.8 Maces & Flails
 O Level 27 Polearms
 + Level 22.4 Staves
 + Level 22.4 Ranged Weapons
 + Level 22.5 Throwing
 + Level 22.5 Armour
 + Level 22.8 Dodging
 + Level 22.4 Stealth
 + Level 22.4 Shields
 + Level 22.4 Unarmed Combat
 + Level 22.8 Spellcasting
 + Level 19.2 Conjurations
 + Level 19.2 Hexes
 + Level 19.2 Summonings
 + Level 19.2 Necromancy
 + Level 19.9 Translocations
 + Level 19.2 Transmutations
 + Level 19.2 Fire Magic
 + Level 19.2 Ice Magic
 + Level 19.2 Air Magic
 + Level 19.2 Earth Magic
 + Level 19.2 Poison Magic
 + Level 24.2 Invocations
 + Level 22.4 Evocations


You had 27 spell levels left.
You knew the following spells:

 Your Spells              Type           Power      Damage    Failure   Level
a - Blink                 Tloc           100%       N/A       0%          2
b - Lesser Beckoning      Tloc           100%       N/A       0%          2
c - Teleport Other        Tloc           100%       N/A       0%          3
d - Vhi's Electric Charg  Tloc/Air       100%       N/A       0%          3
e - Manifold Assault      Tloc           100%       N/A       0%          4
f - Wereblood             Tmut           100%       N/A       0%          2
g - Silence               Hex/Air        52%        N/A       0%          5
h - Haunt                 Necr/Summ      52%        N/A       1%          7
i - Enfeeble              Hex            52%        N/A       1%          7

Your spell library contained the following spells:

 Spells                   Type           Power      Damage    Failure   Level
 Beastly Appendage        Tmut           100%       N/A       0%          1
 Foxfire                  Conj/Fire      100%       2x1d9     0%          1
 Shock                    Conj/Air       100%       1d9       0%          1
 Sting                    Tmut/Pois      100%       1d8       0%          1
 Summon Small Mammal      Summ           100%       N/A       0%          1
 Call Imp                 Summ           100%       N/A       0%          2
 Cigotuvi's Dreadful Rot  Necr/Pois/Air  100%       N/A       0%          2
 Momentum Strike          Conj/Tloc      100%       3d10      0%          2
 Passwall                 Tmut/Erth      87%        N/A       0%          2
 Poisonous Vapours        Pois/Air       100%       N/A       0%          2
 Call Canine Familiar     Summ           100%       N/A       0%          3
 Frozen Ramparts          Ice            100%       1d16      0%          3
 Ignite Poison            Fire/Tmut/Pois 100%       N/A       0%          3
 Inner Flame              Hex/Fire       100%       N/A       0%          3
 Portal Projectile        Hex/Tloc       100%       N/A       0%          3
 Spider Form              Tmut/Pois      100%       N/A       0%          3
 Summon Guardian Golem    Hex/Summ       100%       N/A       0%          3
 Swiftness                Air            100%       N/A       0%          3
 Tukima's Dance           Hex            100%       N/A       0%          3
 Airstrike                Air            52%        2d(8-24)  0%          4
 Anguish                  Hex/Necr       52%        N/A       0%          4
 Cause Fear               Hex            52%        N/A       0%          4
 Dispel Undead            Necr           100%       3d31      0%          4
 Flame Wave               Conj/Fire      100%       2d21      0%          4
 Ice Form                 Ice/Tmut       100%       N/A       0%          4
 Iskenderun's Mystic Bla  Conj/Tloc      100%       2d19      0%          4
 Olgreb's Toxic Radiance  Pois           100%       N/A       0%          4
 Passage of Golubria      Tloc           100%       N/A       0%          4
 Summon Ice Beast         Ice/Summ       100%       N/A       0%          4
 Alistair's Intoxication  Tmut/Pois      70%        N/A       0%          5
 Blade Hands              Tmut           52%        N/A       0%          5
 Fireball                 Conj/Fire      52%        3d20      0%          5
 Irradiate                Conj/Tmut      52%        3d29      0%          5
 Summon Forest            Summ/Tloc      52%        N/A       0%          5
 Summon Mana Viper        Hex/Summ       100%       N/A       0%          5
 Yara's Violent Unravell  Hex/Tmut       52%        3d20      0%          5
 Death Channel            Necr           52%        N/A       1%          6
 Plasma Beam              Fire/Air       52%        2x1d67    1%          6
 Summon Cactus Giant      Summ           52%        N/A       1%          6
 Dragon Form              Tmut           52%        N/A       1%          7
 Storm Form               Tmut/Air       52%        N/A       1%          7
 Lehudib's Crystal Spear  Conj/Erth      52%        10d12     1%          8
 Maxwell's Capacitive Co  Air            52%        ∞         1%          8
 Death's Door             Necr           52%        N/A       14%         9


Dungeon Overview and Level Annotations

Branches:
Dungeon (1/1)

Altars:
Ashenzari
Cheibriados
Dithmenos
Elyvilon
Fedhas
Gozag
Hepliaklqana
Kikubaaqudgha
Makhleb
Nemelex Xobeh
Okawaru
Qazlal
Ru
Sif Muna
Trog
Uskayaw
Vehumet
Wu Jian
Xom
Yredelemnul
Zin
The Shining One
Jiyva
Lugonu

Annotations:
D Dissolution


Innate Abilities, Weirdness & Mutations

You have very sharp teeth.
Your uncanny sense of smell can sniff out nearby items.
Your experience applies equally to all skills.


Message History

You kill the hellion!
Cheibriados appreciates the change of pace.
You chop the rockslime into pieces!!!
You bite the rockslime, but do no damage.
The rockslime is severely wounded.
The floating eye's stare focuses on you.
You block the rockslime's attack.
You hit the rockslime but do no damage.
The rockslime is severely wounded.
You block the rockslime's attack.
Dissolution gurgles deeply, a call to fellow slimes.
The floating eye gazes piercingly through you!
You suddenly lose the ability to move!
The rockslime hits you!
You are shoved backwards!
The rockslime hits you but does no damage.
The floating eye seems to glare at you. The rockslime hits you!!
You hold your ground!
The rockslime hits you!!
You hold your ground!
You can move again.
Unknown command.
You hit the rockslime but do no damage. You bite the rockslime.
The rockslime is severely wounded.
You slice the rockslime like a ripe choko!!!
You kill the rockslime!
Cheibriados thoroughly appreciates the change of pace.
You block Dissolution's attack. x2; Dissolution completely misses you.
Dissolution barely misses you.
You hit Dissolution but do no damage. The acid corrodes you!
Your hands burn!
You block Dissolution's attack. x2
The floating eye gazes piercingly through you!
You suddenly lose the ability to move!
Dissolution hits you!! The acid corrodes you!
You are splashed with acid!
Dissolution hits you but does no damage.
Dissolution hits you!!!
* * * LOW HITPOINT WARNING * * *
The acid corrodes you!
You are splashed with acid!
* * * LOW HITPOINT WARNING * * *
Dissolution hits you but does no damage.
Dissolution hits you!!
You die...

****#+################
,,,,.................#
,,,,.................#
****################'#
**** *** *** ##* #'#
**,***,***,*##G#***#)#
*,,,+,,,+,,,+.GG+,*#'#
+*,+**,+**,###GJ##*#.#
,***,***,*##.###@###'#
*+****∆***#.).'...##)#
**,**∆∆∆**##.##'.###'#
,***∆∆∆∆∆**#'#)### #.#
,,+∆∆∆∆∆∆∆##.###.###'#
,+**∆∆∆∆∆*#...'...##.#
##,**∆∆∆**#'.##'.###'#
.#*###∆###.###.#'# #.#
.###.###.###.###.###÷#


You could see Dissolution, a great orb of eyes (summoned), a shining eye
(summoned), an eye of devastation (summoned) and a floating eye (summoned).

Vanquished Creatures
  3 pandemonium lords (D)
  An ancient lich (D)
  Mara (D)
  A royal mummy (D)
  Saint Roka (D)
  A curse toe (D)
  A pearl dragon (D)
  A profane servitor (D)
  4 bone dragons (D)
  Nikola (D)
  3 electric golems (D)
  A Tzitzimitl (D)
  A Brimstone Fiend (D)
  2 Ice Fiends (D)
  2 liches (D)
  2 titans (D)
  A deep elf blademaster (D)
  A quicksilver dragon (D)
  An Executioner (D)
  3 deep elf master archers (D)
  2 sphinxes (D)
  A storm dragon (D)
  Donald (D)
  2 death cobs (D)
  A daeva (D)
  A draconian knight (D)
  4 nagarajas (D)
  An emperor scorpion (D)
  2 frost giants (D)
  A rockslime (D)
  2 balrugs (D)
  2 deep elf sorcerers (D)
  2 orc warlords (D)
  3 ghost moths (D)
  Louise (D)
  A draconian shifter (D)
  4 stone giants (D)
  2 spriggan defenders (D)
  2 vampire knights (D)
  An apis (D)
  An ophan (D)
  3 deep elf annihilators (D)
  Nessos (D)
  A green draconian (D)
  A purple draconian (D)
  2 white draconians (D)
  2 yellow draconians (D)
  5 deep elf demonologists (D)
  A blizzard demon (D)
  An eidolon (D)
  A green death (D)
  3 merfolk javelineers (D)
  A fire dragon (D)
  5 ettins (D)
  A merfolk impaler (D)
  A yaktaur captain (D)
  2 deep elf high priests (D)
  2 hell beasts (D)
  2 vault guards (D)
  A rakshasa (D)
  3 ogre magi (D)
  A boulder beetle (D)
  A merfolk avatar (D)
  2 anacondas (D)
  A death knight (D)
  2 catoblepae (D)
  3 death yaks (D)
  A merfolk aquamancer (D)
  3 naga warriors (D)
  2 centaur warriors (D)
  8 two-headed ogres (D)
  3 hell hogs (D)
  2 demonic crawlers (D)
  A vampire mage (D)
  3 spriggans (D)
  A deep elf knight (D)
  A soul eater (D)
  A sun demon (D)
  A shadow wraith (D)
  4 iron trolls (D)
  2 sixfirhies (D)
  A cherub (D)
  11 deep trolls (D)
  4 wizards (D)
  2 deep elf zephyrmancers (D)
  A necromancer (D)
  11 orc knights (D)
  An ugly thing (D)
  A deep elf pyromancer (D)
  6 cyclopes (D)
  A wolf spider (D)
  6 elephants (D)
  2 molten gargoyles (D)
  2 naga magi (D)
  2 guardian serpents (D)
  3 smoke demons (D)
  A hellion (D)
  2 tormentors (D)
  A freezing wraith (D)
  3 yaktaurs (D)
  2 guardian mummies (D)
  A kobold demonologist (D)
  An ice devil (D)
  10 trolls (D)
  15 merfolk (D)
  A polar bear (D)
  2 hornets (D)
  A snapping turtle (D)
  2 tarantellas (D)
  9 blink frogs (D)
  4 dream sheep (D)
  An air elemental (D)
  2 slime creatures (D)
  A shadow (D)
  A wyvern (D)
  A ynoxinul (D)
  2 basilisks (D)
  2 redbacks (D)
  A neqoxec (D)
  2 vampire mosquitoes (D)
  A chaos spawn (D)
  2 wargs (D)
  Edmund (D)
  3 orc warriors (D)
  2 swamp drakes (D)
  7 ogres (D)
  2 sky beasts (D)
  5 wolves (D)
  2 centaurs (D)
  A phantom (D)
  An earth elemental (D)
  2 bullfrogs (D)
  A necrophage (D)
  4 wights (D)
  4 killer bees (D)
  A quasit (D)
  An iron imp (D)
  4 orc priests (D)
  5 orc wizards (D)
  A gnoll (D)
  A river rat (D)
  An ufetubus (D)
  An adder zombie (D)
  An adder skeleton (D)
  17 orcs (D)
  A bat skeleton (D)
  3 goblins (D)
  A hobgoblin (D)
  2 jackals (D)
  A ball python simulacrum (D)
  A ball python skeleton (D)
  A frilled lizard (D)
  A giant cockroach zombie (D)
  A kobold (D)
  A quokka skeleton (D)
  A quokka zombie (D)
358 creatures vanquished.

Vanquished Creatures (others)
  An ogre mage (D)
  An orc knight (D)
2 creatures vanquished.

Grand Total: 360 creatures vanquished

Notes
Turn   | Place    | Note
-------+----------+-------------------------------------------
     0 | D        | rocky1 the Gnoll Warper began the quest for the Orb.
     0 | D        | Reached XP level 1. HP: 20/20 MP: 6/6
    43 | D        | Found a bloodstained altar of Trog.
    43 | D        | Found a shimmering blue altar of Sif Muna.
    43 | D        | Found a viscous altar of Jiyva.
    43 | D        | Found a hazy altar of Hepliaklqana.
    43 | D        | Found an opulent altar of Gozag.
    44 | D        | Found a glowing golden altar of the Shining One.
    44 | D        | Found a glowing silver altar of Zin.
    44 | D        | Found a basalt altar of Yredelemnul.
    44 | D        | Found a shimmering altar of Xom.
    44 | D        | Found an ornate altar of the Wu Jian Council.
    44 | D        | Found a sacrificial altar of Ru.
    44 | D        | Found a stormy altar of Qazlal.
    44 | D        | Found an iron altar of Okawaru.
    44 | D        | Found a sparkling altar of Nemelex Xobeh.
    44 | D        | Found a burning altar of Makhleb.
    44 | D        | Found a blossoming altar of Fedhas.
    44 | D        | Found a white marble altar of Elyvilon.
    44 | D        | Found a shadowy altar of Dithmenos.
    44 | D        | Found a snail-covered altar of Cheibriados.
    47 | D        | Found a corrupted altar of Lugonu.
    47 | D        | Found a radiant altar of Vehumet.
    48 | D        | Found an ancient bone altar of Kikubaaqudgha.
    48 | D        | Found a hide-covered altar of Uskayaw.
    48 | D        | Found a broken altar of Ashenzari.
    55 | D        | Became a worshipper of Cheibriados the Contemplative
    74 | D        | Reached skill level 5 in Spellcasting
    74 | D        | Reached skill level 1 in Invocations
   180 | D        | Reached * piety under Cheibriados
   181 | D        | Reached skill level 1 in Short Blades
   181 | D        | Reached skill level 1 in Long Blades
   181 | D        | Reached skill level 1 in Axes
   181 | D        | Reached skill level 1 in Polearms
   181 | D        | Reached skill level 1 in Staves
   181 | D        | Reached skill level 1 in Ranged Weapons
   181 | D        | Reached skill level 1 in Stealth
   181 | D        | Reached skill level 1 in Shields
   181 | D        | Reached skill level 1 in Unarmed Combat
   181 | D        | Reached skill level 1 in Evocations
   183 | D        | Reached XP level 2. HP: 20/26 MP: 8/8
   208 | D        | Reached ** piety under Cheibriados
   216 | D        | HP: 1/26 [river rat (8)]
   220 | D        | Noticed a bullfrog
   222 | D        | Reached skill level 1 in Conjurations
   222 | D        | Reached skill level 1 in Hexes
   222 | D        | Reached skill level 1 in Summonings
   222 | D        | Reached skill level 1 in Necromancy
   222 | D        | Reached skill level 1 in Transmutations
   222 | D        | Reached skill level 1 in Fire Magic
   222 | D        | Reached skill level 1 in Ice Magic
   222 | D        | Reached skill level 1 in Air Magic
   222 | D        | Reached skill level 1 in Earth Magic
   222 | D        | Reached skill level 1 in Poison Magic
   234 | D        | Killed a bullfrog
   234 | D        | Reached *** piety under Cheibriados
   235 | D        | Reached skill level 5 in Fighting
   235 | D        | Reached skill level 5 in Maces & Flails
   235 | D        | Reached skill level 2 in Polearms
   235 | D        | Reached skill level 5 in Dodging
   235 | D        | Reached XP level 3. HP: 26/33 MP: 10/10
   235 | D        | Reached XP level 4. HP: 31/39 MP: 11/11
   446 | D        | Learned a level 2 spell: Blink
   449 | D        | Learned a level 2 spell: Lesser Beckoning
   453 | D        | Learned a level 3 spell: Teleport Other
   457 | D        | Learned a level 3 spell: Vhi's Electric Charge
   462 | D        | Learned a level 4 spell: Manifold Assault
   633 | D        | Noticed a wolf
   642 | D        | Reached **** piety under Cheibriados
   643 | D        | Reached skill level 3 in Polearms
   643 | D        | Reached XP level 5. HP: 46/46 MP: 11/13
   657 | D        | Killed a wolf
   658 | D        | Reached skill level 4 in Polearms
   658 | D        | Reached ***** piety under Cheibriados
   668 | D        | Reached skill level 5 in Throwing
   668 | D        | Reached skill level 5 in Armour
   668 | D        | Reached XP level 6. HP: 34/52 MP: 11/15
   939 | D        | Reached skill level 5 in Invocations
   949 | D        | Reached ****** piety under Cheibriados
  1002 | D        | Noticed a merfolk
  1008 | D        | Reached skill level 5 in Short Blades
  1008 | D        | Reached skill level 5 in Long Blades
  1008 | D        | Reached skill level 5 in Axes
  1008 | D        | Reached skill level 5 in Polearms
  1008 | D        | Reached skill level 5 in Staves
  1008 | D        | Reached skill level 5 in Ranged Weapons
  1008 | D        | Reached skill level 5 in Stealth
  1008 | D        | Reached skill level 5 in Shields
  1008 | D        | Reached skill level 5 in Unarmed Combat
  1008 | D        | Reached skill level 5 in Evocations
  1008 | D        | Reached XP level 7. HP: 39/60 MP: 6/17
  1019 | D        | Killed a merfolk
  1268 | D        | Got the +2 halberd "Duba" {flame, rPois}
  1372 | D        | Noticed a smoke demon
  1372 | D        | Noticed a smoke demon
  1375 | D        | Killed a smoke demon
  1375 | D        | Killed a smoke demon
  1376 | D        | Reached skill level 6 in Polearms
  1376 | D        | Reached skill level 5 in Conjurations
  1376 | D        | Reached skill level 5 in Hexes
  1376 | D        | Reached skill level 5 in Summonings
  1376 | D        | Reached skill level 5 in Necromancy
  1376 | D        | Reached skill level 5 in Transmutations
  1376 | D        | Reached skill level 5 in Fire Magic
  1376 | D        | Reached skill level 5 in Ice Magic
  1376 | D        | Reached skill level 5 in Air Magic
  1376 | D        | Reached skill level 5 in Earth Magic
  1376 | D        | Reached skill level 5 in Poison Magic
  1376 | D        | Reached XP level 8. HP: 57/68 MP: 8/20
  1454 | D        | Noticed a demonic crawler
  1454 | D        | Noticed an orc knight
  1457 | D        | Reached skill level 7 in Polearms
  1514 | D        | Noticed a dream sheep
  1514 | D        | Noticed a dream sheep
  1514 | D        | Noticed a dream sheep
  1514 | D        | Noticed a dream sheep
  1515 | D        | Killed a dream sheep
  1516 | D        | Reached XP level 9. HP: 75/75 MP: 15/22
  1524 | D        | Killed an orc knight
  1525 | D        | Reached skill level 8 in Polearms
  1593 | D        | Noticed Edmund
  1604 | D        | Noticed a polar bear
  1604 | D        | Noticed a smoke demon
  1604 | D        | Noticed a guardian mummy
  1606 | D        | Killed a smoke demon
  1609 | D        | Killed a polar bear
  1610 | D        | Reached skill level 10 in Spellcasting
  1610 | D        | Reached XP level 10. HP: 54/85 MP: 8/24
  1615 | D        | Reached skill level 10 in Fighting
  1615 | D        | Reached skill level 10 in Maces & Flails
  1615 | D        | Reached skill level 10 in Dodging
  1619 | D        | Killed Edmund
  1620 | D        | Killed a demonic crawler
  1621 | D        | Reached skill level 9 in Polearms
  1621 | D        | Reached skill level 10 in Invocations
  1780 | D        | Noticed a boulder beetle
  1782 | D        | Noticed a centaur warrior
  1783 | D        | Noticed a merfolk impaler
  1784 | D        | Noticed an eidolon
  1785 | D        | Killed a centaur warrior
  1786 | D        | Reached skill level 10 in Throwing
  1786 | D        | Reached skill level 10 in Armour
  1791 | D        | Reached skill level 10 in Translocations
  1791 | D        | Killed a merfolk impaler
  1791 | D        | Killed an eidolon
  1792 | D        | Reached skill level 10 in Short Blades
  1792 | D        | Reached skill level 10 in Long Blades
  1792 | D        | Reached skill level 10 in Axes
  1792 | D        | Reached skill level 10 in Polearms
  1792 | D        | Reached skill level 10 in Staves
  1792 | D        | Reached skill level 10 in Ranged Weapons
  1792 | D        | Reached skill level 10 in Stealth
  1792 | D        | Reached skill level 10 in Shields
  1792 | D        | Reached skill level 10 in Unarmed Combat
  1792 | D        | Reached skill level 10 in Evocations
  1792 | D        | Reached XP level 11. HP: 54/93 MP: 0/26
  1808 | D        | Killed a boulder beetle
  1884 | D        | Noticed a necromancer
  1887 | D        | Noticed a deep elf pyromancer
  1888 | D        | Killed a necromancer
  1889 | D        | Reached skill level 11 in Polearms
  1895 | D        | Killed a deep elf pyromancer
  1896 | D        | Noticed a vampire knight
  1908 | D        | Killed a vampire knight
  2365 | D        | Noticed a demonic crawler
  2397 | D        | Killed a demonic crawler
  2585 | D        | Noticed a nagaraja
  2590 | D        | Reached XP level 12. HP: 103/103 MP: 11/28
  2593 | D        | Killed a nagaraja
  2845 | D        | Noticed a merfolk javelineer
  2850 | D        | Reached skill level 10 in Conjurations
  2850 | D        | Reached skill level 10 in Hexes
  2850 | D        | Reached skill level 10 in Summonings
  2850 | D        | Reached skill level 10 in Necromancy
  2850 | D        | Reached skill level 10 in Transmutations
  2850 | D        | Reached skill level 10 in Fire Magic
  2850 | D        | Reached skill level 10 in Ice Magic
  2850 | D        | Reached skill level 10 in Air Magic
  2850 | D        | Reached skill level 10 in Earth Magic
  2850 | D        | Reached skill level 10 in Poison Magic
  2850 | D        | Killed a merfolk javelineer
  2851 | D        | Reached skill level 12 in Polearms
  3092 | D        | Noticed a merfolk javelineer
  3101 | D        | Killed a merfolk javelineer
  3321 | D        | Noticed a purple draconian shifter
  3342 | D        | Killed a purple draconian shifter
  3667 | D        | Noticed a black draconian knight
  3670 | D        | Noticed a nagaraja
  3672 | D        | Got the Tome of Stolen Souls
  3682 | D        | Killed a nagaraja
  3824 | D        | Noticed a purple draconian
  3824 | D        | Noticed a deep elf high priest
  3824 | D        | Noticed a deep elf demonologist
  3825 | D        | Noticed a deep elf annihilator
  3826 | D        | Noticed a deep elf demonologist
  3827 | D        | Killed a deep elf high priest
  3827 | D        | Killed a deep elf demonologist
  3829 | D        | Reached skill level 13 in Polearms
  3829 | D        | Reached XP level 13. HP: 103/112 MP: 9/30
  3829 | D        | Killed a deep elf annihilator
  3829 | D        | Killed a deep elf demonologist
  3832 | D        | Noticed a lich
  3832 | D        | Noticed a lich
  3834 | D        | Killed a purple draconian
  3835 | D        | Killed a lich
  3835 | D        | Noticed a deep elf demonologist
  3840 | D        | Killed a lich
  3840 | D        | Killed a black draconian knight
  3845 | D        | Noticed a white draconian
  3846 | D        | Noticed a Hell Sentinel
  3848 | D        | Killed a deep elf demonologist
  3849 | D        | Reached skill level 15 in Invocations
  4141 | D        | Killed a white draconian
  4224 | D        | Got Sif Muna's Omnibus of Metamorphosis
  4238 | D        | Got the Vademecum on Silt and Soot
  4240 | D        | Got the Discursus on the Summoned Traveller
  4250 | D        | Got the Quarto of the Coward
  4258 | D        | Noticed a frost giant
  4271 | D        | Noticed a deep elf annihilator
  4289 | D        | Noticed a sphinx
  4291 | D        | Noticed a deep elf sorcerer
  4294 | D        | Killed a deep elf annihilator
  4294 | D        | Killed a deep elf sorcerer
  4295 | D        | Reached skill level 14 in Polearms
  4295 | D        | Killed a sphinx
  4296 | D        | Reached skill level 15 in Spellcasting
  4296 | D        | Killed a frost giant
  4342 | D        | Reached skill level 15 in Fighting
  4342 | D        | Reached skill level 15 in Maces & Flails
  4342 | D        | Reached skill level 15 in Dodging
  4426 | D        | Got the amulet "Qikhiz" {Drain rF+ Regen+ Dex+3}
  4428 | D        | Got the amulet "Faneah" {Spirit Harm rElec rN+ Stlth+}
  4430 | D        | Got the ring "Vix Gic" {rF+ rN+ Will- rCorr}
  4432 | D        | Got the amulet "Pan Xeci" {Regen+ Int+3}
  4434 | D        | Got the amulet "Werhiad" {RegenMP Int+5 SInv}
  4436 | D        | Got the ring "Tuconk" {rN+ Will+ Dex+2}
  4438 | D        | Got the amulet "Toaneimm" {Spirit Int+4}
  4440 | D        | Got the amulet of Fusm {Spirit -Cast rN+ Str+2}
  4445 | D        | Got the amulet of Juyjy {RegenMP Str+2}
  4447 | D        | Got the amulet "Qebrof" {Faith rElec rF+ Dex+3 SInv}
  4452 | D        | Got the amulet of Terra Nullius {rC+ rN+ Regen+}
  4454 | D        | Got the amulet of Leosilep {Faith +Inv rC+}
  4471 | D        | Got the ring of Ubon {rC+ Stlth+}
  4473 | D        | Got the ring of Dyce {Wiz Will+ Int+2 Slay+2}
  4475 | D        | Got the ring of Tunyta Semu {Dex+3 SInv}
  4477 | D        | Got the ring of the Briny Deep {Wiz rF+ Dex+4}
  4479 | D        | Got the ring of Nategeq Suxo {rC++ rN+ Str-5 Int+3 Slay+2}
  4481 | D        | Got the ring of Aggaask {*Corrode Will+ Slay+4}
  4483 | D        | Got the ring of Plog {rF+ rC- Will+ Str-3 Int+6}
  4485 | D        | Got the ring of Lies {rElec rF+++ rC+ Dex+6 Stlth-}
  4501 | D        | Got the ring "Plog" {rElec AC+6}
  4504 | D        | Got the ring of Xoocsesac {Fire rCorr Str+2 Stlth-}
  4506 | D        | Got the ring "Qol Dait" {Drain rPois Str+3 Int+2}
  4508 | D        | Got the ring "Picsio Neecw" {Wiz Drain rElec rPois Dex+8}
  4510 | D        | Got the ring "Gapsef" {rC+ AC+6}
  4666 | D        | Noticed a death cob
  4674 | D        | Killed a death cob
  4815 | D        | Noticed a rakshasa
  4835 | D        | Killed a rakshasa
  4836 | D        | Reached skill level 15 in Polearms
  4974 | D        | Noticed an orc warlord
  4974 | D        | Noticed an orc warlord
  4992 | D        | Killed an orc warlord
  4993 | D        | Reached XP level 14. HP: 40/123 MP: 17/33
  4998 | D        | Reached skill level 15 in Throwing
  4998 | D        | Reached skill level 15 in Armour
  5002 | D        | Killed an orc warlord
  5028 | D        | Reached skill level 15 in Short Blades
  5028 | D        | Reached skill level 15 in Long Blades
  5028 | D        | Reached skill level 15 in Axes
  5028 | D        | Reached skill level 15 in Staves
  5028 | D        | Reached skill level 15 in Ranged Weapons
  5028 | D        | Reached skill level 15 in Stealth
  5028 | D        | Reached skill level 15 in Shields
  5028 | D        | Reached skill level 15 in Unarmed Combat
  5028 | D        | Reached skill level 15 in Evocations
  5030 | D        | Reached skill level 16 in Polearms
  5271 | D        | Learned a level 2 spell: Wereblood
  5544 | D        | Reached skill level 17 in Polearms
  5797 | D        | Got the +1 pair of gloves of Goul {rPois Slay+4}
  5821 | D        | Got the +2 leather armour "Wapo" {rC- Will+ Int+4}
  5838 | D        | Learned a level 5 spell: Silence
  5947 | D        | Noticed Nessos
  5947 | D        | Noticed a deep elf demonologist
  5947 | D        | Noticed an ophan
  5947 | D        | Noticed Donald
  5947 | D        | Paralysed by an air elemental for 1 turns
  5948 | D        | Noticed an Executioner
  5949 | D        | Killed Nessos
  5952 | D        | Killed a deep elf demonologist
  5954 | D        | Killed Donald
  5955 | D        | Killed an ophan
  6035 | D        | Noticed a daeva
  6036 | D        | Reached skill level 18 in Polearms
  6040 | D        | Noticed a ghost moth
  6047 | D        | Noticed a stone giant
  6051 | D        | Killed a daeva
  6052 | D        | Reached XP level 15. HP: 54/133 MP: 0/36
  6060 | D        | Identified the +1 mace of Amorality {distort, Str+3}
  6061 | D        | Killed a ghost moth
  6063 | D        | Reached skill level 15 in Translocations
  6063 | D        | Noticed a nagaraja
  6067 | D        | Noticed an emperor scorpion
  6077 | D        | Killed a nagaraja
  6084 | D        | Killed an emperor scorpion
  6086 | D        | Reached skill level 19 in Polearms
  6389 | D        | Learned a level 7 spell: Haunt
  6397 | D        | Learned a level 7 spell: Enfeeble
  6549 | D        | Noticed Saint Roka
  6553 | D        | Noticed Mara
  6553 | D        | Noticed a sphinx
  6558 | D        | Noticed rocky1's illusion
  6559 | D        | Killed Mara
  6571 | D        | Killed Saint Roka
  6572 | D        | Killed a sphinx
  6737 | D        | Noticed a death cob
  6744 | D        | Killed a death cob
  6745 | D        | Reached skill level 20 in Polearms
  6772 | D        | Killed a ghost moth
  6796 | D        | Reached skill level 15 in Conjurations
  6796 | D        | Reached skill level 15 in Hexes
  6796 | D        | Reached skill level 15 in Summonings
  6796 | D        | Reached skill level 15 in Necromancy
  6796 | D        | Reached skill level 15 in Transmutations
  6796 | D        | Reached skill level 15 in Fire Magic
  6796 | D        | Reached skill level 15 in Ice Magic
  6796 | D        | Reached skill level 15 in Air Magic
  6796 | D        | Reached skill level 15 in Earth Magic
  6796 | D        | Reached skill level 15 in Poison Magic
  6796 | D        | Noticed Louise
  6805 | D        | Killed Louise
  6945 | D        | Got the ring of Hieteotu {Drain rC+ rN+ Dex+5}
  7070 | D        | Noticed a bone dragon
  7080 | D        | Killed a bone dragon
  7081 | D        | Reached skill level 21 in Polearms
  7238 | D        | Noticed a balrug
  7238 | D        | Noticed a quicksilver dragon
  7247 | D        | Killed a balrug
  7254 | D        | Killed a quicksilver dragon
  7255 | D        | Reached XP level 16. HP: 144/145 MP: 38/38
  7341 | D        | Noticed a nagaraja
  7353 | D        | Noticed a storm dragon
  7354 | D        | Killed a nagaraja
  7359 | D        | Noticed a deep elf blademaster
  7363 | D        | Killed a storm dragon
  7365 | D        | Noticed a bone dragon
  7366 | D        | Killed a deep elf blademaster
  7369 | D        | Reached skill level 22 in Polearms
  7385 | D        | Killed a bone dragon
  7409 | D        | Got the ring "Fylituc" {Wiz rN++ Str+2 Dex+2}
  7422 | D        | Noticed a bone dragon
  7425 | D        | Noticed an Executioner
  7432 | D        | Killed an Executioner
  7439 | D        | Killed a bone dragon
  7975 | D        | Noticed a titan
  7997 | D        | Reached skill level 23 in Polearms
  7999 | D        | Reached skill level 24 in Polearms
  8000 | D        | Reached XP level 17. HP: 119/157 MP: 15/41
  8001 | D        | Killed a titan
  8121 | D        | Got the Secrets of the Incendiary Body
  8127 | D        | Got the Annotations on Shifting Vapour
  8197 | D        | Got the amulet "Migeh" {RegenMP Harm rF+}
  8201 | D        | Got the ring "Juror" {rN+ Will+ MP+9 Stlth-}
  8206 | D        | Got a silver rune of Zot
  8386 | D        | Noticed an Ice Fiend
  8393 | D        | Killed an Ice Fiend
  8395 | D        | Noticed a curse toe
  8397 | D        | Killed a curse toe
  8399 | D        | Noticed a royal mummy
  8404 | D        | Killed a royal mummy
  8405 | D        | Reached skill level 25 in Polearms
  8624 | D        | Noticed a pearl dragon
  8633 | D        | Killed a pearl dragon
  8656 | D        | Noticed an electric golem
  8704 | D        | Killed an electric golem
  9116 | D        | Noticed a titan
  9121 | D        | Killed a titan
  9128 | D        | Noticed an ancient lich
  9132 | D        | Killed an ancient lich
  9134 | D        | Noticed a deep elf master archer
  9136 | D        | Killed a deep elf master archer
  9289 | D        | Noticed an electric golem
  9295 | D        | Killed an electric golem
  9296 | D        | Reached skill level 26 in Polearms
  9443 | D        | Noticed a profane servitor
  9445 | D        | Killed a profane servitor
  9462 | D        | Noticed Utaicayll the pandemonium lord
  9469 | D        | Killed Utaicayll the pandemonium lord
  9474 | D        | Noticed an Ice Fiend
  9477 | D        | Killed an Ice Fiend
  9480 | D        | Noticed a Brimstone Fiend
  9485 | D        | Killed a Brimstone Fiend
  9609 | D        | Noticed a bone dragon
  9618 | D        | Killed a bone dragon
  9621 | D        | Noticed a Tzitzimitl
  9623 | D        | Killed a Tzitzimitl
  9625 | D        | Noticed Cinguh the pandemonium lord
  9628 | D        | Noticed a golden dragon
  9638 | D        | Killed Cinguh the pandemonium lord
  9654 | D        | Noticed Nikola
  9662 | D        | Noticed an electric golem
  9667 | D        | Noticed Gymumais the pandemonium lord
  9670 | D        | Noticed a deep elf master archer
  9676 | D        | Killed an electric golem
  9682 | D        | Killed Gymumais the pandemonium lord
  9683 | D        | Reached XP level 18. HP: 105/170 MP: 44/44
  9684 | D        | Killed Nikola
  9685 | D        | Killed a deep elf master archer
  9693 | D        | Got the ring of Atafowo {Fly rF+ Str-5 Int+7 Dex+2}
  9699 | D        | Got the ring "Xebbitz" {*Corrode +Blink rElec rF+}
  9704 | D        | Got the ring of Kecaiq {rN+ Str+6}
  9752 | D        | Reached skill level 27 in Polearms
 10235 | D        | Got the +5 bardiche of Dominance {flame, rElec rN++}
 10284 | D        | Noticed a deep elf master archer
 10286 | D        | Killed a deep elf master archer
 10291 | D        | Noticed Dissolution
 10294 | D        | Paralysed by a floating eye for 3 turns
 10301 | D        | Paralysed by a floating eye for 3 turns
 10304 | D        | Slain by Dissolution

Illustrated notes

Levels and vault maps discovered:
D:        pitsprint [storerooms_1, entrance_room_1, metal_vault_4, armoury_1,
          mini_pit_1, grid_room_1, main_hall_1, silver_pit, the_coven_3,
          the_vestibule_1, steel_vault_3, golden_pit, hallway_of_sentries,
          crystal_vault_5, iron_vault_1, final_vault]

Skill      XL: |  1  2  3  4  5  6  7  8  9 10 11 12 13 14 15 16 17 18 |
---------------+-------------------------------------------------------+-----
Spellcasting   | 5 6 7 8 9 10 11 12 13 15 17 18 20 22 | 22.8
Invocations    | 1 3 4 5 7 8 9 11 12 14 15 17 19 21 24 | 24.2
Short Blades   | 1 2 3 4 5 6 7 8 10 11 13 14 16 18 20 22 | 22.4
Long Blades    | 1 2 3 4 5 6 7 8 10 11 13 14 16 18 20 22 | 22.4
Axes           | 1 2 3 4 5 6 7 8 10 11 13 14 16 18 20 22 | 22.4
Polearms       | 1 2 3 4 5 6 7 8 10 11 13 15 18 21 24 26 27 | 27.0
Staves         | 1 2 3 4 5 6 7 8 10 11 13 14 16 18 20 22 | 22.4
Ranged Weapons | 1 2 3 4 5 6 7 8 10 11 13 14 16 18 20 22 | 22.4
Stealth        | 1 2 3 4 5 6 7 8 10 11 13 14 16 18 20 22 | 22.4
Shields        | 1 2 3 4 5 6 7 8 10 11 13 14 16 18 20 22 | 22.4
Unarmed Combat | 1 2 3 4 5 6 7 8 10 11 13 14 16 18 20 22 | 22.4
Evocations     | 1 2 3 4 5 6 7 8 10 11 13 14 16 18 20 22 | 22.4
Throwing       | 3 4 5 6 7 9 10 11 13 14 16 18 20 22 | 22.5
Armour         | 3 4 5 6 7 9 10 11 13 14 16 18 20 22 | 22.5
Conjurations   | 2 3 4 5 6 7 8 9 11 12 13 15 17 19 | 19.2
Hexes          | 2 3 4 5 6 7 8 9 11 12 13 15 17 19 | 19.2
Summonings     | 2 3 4 5 6 7 8 9 11 12 13 15 17 19 | 19.2
Necromancy     | 2 3 4 5 6 7 8 9 11 12 13 15 17 19 | 19.2
Transmutations | 2 3 4 5 6 7 8 9 11 12 13 15 17 19 | 19.2
Fire Magic     | 2 3 4 5 6 7 8 9 11 12 13 15 17 19 | 19.2
Ice Magic      | 2 3 4 5 6 7 8 9 11 12 13 15 17 19 | 19.2
Air Magic      | 2 3 4 5 6 7 8 9 11 12 13 15 17 19 | 19.2
Earth Magic    | 2 3 4 5 6 7 8 9 11 12 13 15 17 19 | 19.2
Poison Magic   | 2 3 4 5 6 7 8 9 11 12 13 15 17 19 | 19.2
Fighting       | 5 6 7 8 9 11 12 13 15 16 18 20 22 | 22.8
Maces & Flails | 5 6 7 8 9 11 12 13 15 16 18 20 22 | 22.8
Dodging        | 5 6 7 8 9 11 12 13 15 16 18 20 22 | 22.8
Translocations | 6 7 8 9 10 11 12 13 14 16 18 19 | 19.9

Action                     |  1- 3 |  4- 6 |  7- 9 | 10-12 | 13-15 | 16-18 || total
---------------------------+-------+-------+-------+-------+-------+-------++-------
  Melee: Mace              |    39 |    64 |    10 |       |       |       ||   113
         Bite              |     5 |     4 |     4 |    14 |    45 |    40 ||   112
         Punch             |       |     2 |     3 |    11 |       |       ||    16
         Morningstar       |       |       |    12 |    90 |       |       ||   102
         Halberd           |       |       |       |    22 |       |       ||    22
         Lajatang          |       |       |       |     5 |   115 |       ||   120
         Great sword       |       |       |       |       |    45 |       ||    45
         Double sword      |       |       |       |       |   138 |   229 ||   367
  Throw: Boomerang         |       |       |     2 |     1 |    22 |     9 ||    34
         Javelin           |       |       |       |       |     6 |       ||     6
         Throwing net      |       |       |       |       |       |     1 ||     1
   Cast: Manifold Assault  |       |     1 |       |     7 |     3 |       ||    11
         Blink             |       |     1 |       |       |       |       ||     1
 Invoke: Slouch            |       |     1 |     9 |    33 |    44 |    14 ||   101
         Bend Time         |       |     1 |       |       |       |       ||     1
    Use: Potion            |     1 |     2 |     2 |     7 |    12 |       ||    24
         Scroll            |       |       |       |       |     7 |     7 ||    14
   Stab: Sleeping          |       |     3 |     1 |     3 |       |    18 ||    25
         Distracted        |       |       |       |     1 |     2 |     2 ||     5
         Invisible         |       |       |       |       |     1 |       ||     1
         Petrified         |       |       |       |       |     8 |       ||     8
         Petrifying        |       |       |       |       |     2 |       ||     2
         Held in net/web   |       |       |       |       |       |     1 ||     1
 Armour: Leather armour    |     3 |    19 |     3 |       |    24 |    19 ||    68
         Ring mail         |       |       |     6 |    22 |    16 |       ||    44
  Dodge: Dodged            |    29 |    68 |    13 |   129 |   320 |   182 ||   741
  Block: Other             |       |       |       |     7 |     6 |       ||    13
         Kite shield       |       |       |       |       |   126 |   203 ||   329
         Reflection        |       |       |       |       |     1 |     9 ||    10

Table legend: (Time is in decaauts) A = Elapsed time spent in this place. B = Non-inter-level travel time spent in this place. C = Inter-level travel time spent in this place. D = Time resting spent in this place. E = Time spent auto-exploring this place. F = Levels seen in this place. G = Mean time per level. A B C D E F G +--------+--------+--------+--------+--------+-----+--------+ Total | 12212 | 11922 | 290 | 6680 | 0 | 1 | 12212.0 | Dungeon | 12212 | 11922 | 290 | 6680 | 0 | 1 | 12212.0 | +--------+--------+--------+--------+--------+-----+--------+

Top non-repeatable levels by time:
       D: 12212 daAuts
